 Dungeon Crawl Stone Soup version 0.28-a0-661-g144af121cd (webtiles) character file.

Game seed: 8006925031427118082

163 Lekart the Skirmisher (level 5, -7/45 (47) HPs)
             Began as a Draconian Chaos Knight on Oct 14, 2021.
             Was a Plaything of Xom.
             Mangled by Crazy Yiuf (11 damage)
             ... on level 2 of the Dungeon.
             The game lasted 00:01:32 (1930 turns).

Lekart the Skirmisher (Draconian Chaos Knight)      Turns: 1930, Time: 00:01:33

HP:   -7/45 (47)    AC:  5    Str: 14    XL:     5   Next: 20%
MP:   2/5           EV: 12    Int: 12    God:    Xom [..*...]
Gold: 121           SH:  0    Dex: 12    Spells: 4/4 levels left

rFire   . . .      SeeInvis .   a - +0 falchion (chaos)
rCold   . . .      Faith    .   (no shield)
rNeg    . . .      Spirit   .   (armour unavailable)
rPois   .          Reflect  .   (helmet restricted)
rElec   .          Harm     .   (no cloak)
rCorr   .          Rampage  .   (no gloves)
Will    .....                   (no boots)
Stlth   ++........              (no amulet)
HPRegen 0.15/turn               (no ring)
MPRegen 0.09/turn               (no ring)

@: lightly drained
A: AC +5, unfitting armour, cold-blooded
a: Renounce Religion


You were on level 2 of the Dungeon.
You worshipped Xom.
You were a toy of Xom.
You visited 1 branch of the dungeon, and saw 2 of its levels.

You collected 121 gold pieces.

Inventory:

Hand Weapons
 a - a +0 falchion of chaos (weapon)
Jewellery
 f - an amulet of reflection
 i - a ring of willpower
Scrolls
 b - 2 scrolls of teleportation {unknown}
 d - a scroll of fear {unknown}
 e - 2 scrolls of identify {unknown}
 g - a scroll of enchant armour {unknown}
Potions
 c - a potion of mutation {unknown}
 h - a potion of might {unknown}


   Skills:
 * Level 4.9 Fighting
 + Level 4.3 Long Blades
 + Level 2.5 Dodging
 + Level 1.2 Stealth


You had 4 spell levels left.
You didn't know any spells.
Your spell library was empty.

Dungeon Overview and Level Annotations

Branches:
Dungeon (2/15)

Altars:

Annotations:
D:2 Crazy Yiuf


Innate Abilities, Weirdness & Mutations

Your plain brown scales are hard. (AC +5)
You cannot fit into any form of body armour.
You are cold-blooded and may be slowed by cold attacks.


Message History

Key pressed, stopping explore.
No target in view!
Crazy Yiuf shouts!
No reachable target in view!
Could not explore, unopened runed door.
No reachable target in view!
Could not explore, unopened runed door.
No reachable target in view!
No reachable target in view!
You open the door.
Crazy Yiuf says, "No facts are to me sacred; none are profane; I simply experiment, an endless seeker, with no past at my back."
You hit Crazy Yiuf. You burn Crazy Yiuf.
Crazy Yiuf is moderately wounded.
Crazy Yiuf hits you with a +4 quarterstaff of chaos!
You feel your power leaking away.
You hit Crazy Yiuf.
Crazy Yiuf flickers and vanishes!
Deactivating autopickup; reactivate with Ctrl-A.
You tail-slap something.
You hear a zap.
A puff of flame appears from out of thin air!
The puff of flame hits you!
You miss something.
You hear a zap.
A puff of flame appears from out of thin air!
The puff of flame hits you.
You hit something but do no damage.
Nothing appears to happen.
Something hits you.
You feel drained.
You hear a zap.
A puff of flame appears from out of thin air!
The puff of flame misses you.
You hit something.
Xom thinks this is hilarious!
Nothing appears to happen.
Something barely misses you.
Unknown command.
Something hits you!
* * * LOW HITPOINT WARNING * * *
Something freezes you.
* * * LOW HITPOINT WARNING * * *
Something hits you!
You die...

######## #......#
#......# #......###♣♣
### #..........♣♣
♣♣#..)#
#...........♣♣♣♣.'...#
#............♣{.♣#...#
#......#....♣@♣♣♣ ###
#######
#.......##♣♣♣♣♣
#...... ######.##
#####.. #.# #########
#.# #.# #.......# #.#
#.# #.......# #.#
#.#######...########
#.#
#>.._.[.....'......#
#.#
#.#######...######.#
#.#


There were no monsters in sight!

Vanquished Creatures
  A swamp drake (shapeshifter) (D:2)
  3 adders (D:2)
  A worm (D:2)
  3 orcs (D:2)
  3 ball pythons (D:1)
  5 bats
  3 giant cockroaches
  6 goblins
  4 hobgoblins
  3 kobolds
  2 quokkas (D:2)
  2 frilled lizards (D:1)
  2 rats (D:1)
38 creatures vanquished.

Notes
Turn   | Place    | Note
-------+----------+-------------------------------------------
     0 | D:1      | Lekart the Draconian Chaos Knight began the quest for the
                  | Orb.
     0 | D:1      | Reached XP level 1. HP: 19/19 MP: 1/1
    96 | D:1      | Reached XP level 2. HP: 24/27 MP: 2/2
   398 | D:1      | XOM is BORED!
   398 | D:1      | XOM: silly message
   765 | D:2      | Reached XP level 3. HP: 18/33 MP: 3/3
  1209 | D:2      | XOM: enchant monster (bad)
  1372 | D:2      | XOM: 2-stop teleportation journey
  1401 | D:2      | Noticed a shapeshifter
  1401 | D:2      | a dart slug changed into a shapeshifter
  1401 | D:2      | Noticed a rime drake
  1401 | D:2      | a shapeshifter changed into a rime drake
  1401 | D:2      | Noticed a sky beast
  1401 | D:2      | a rime drake changed into a sky beast
  1409 | D:2      | Noticed a swamp drake
  1409 | D:2      | a sky beast changed into a swamp drake
  1410 | D:2      | XOM: enchant monster (good)
  1415 | D:2      | Killed a swamp drake
  1416 | D:2      | Reached skill level 1 in Stealth
  1416 | D:2      | Reached XP level 4. HP: 24/41 MP: 4/4
  1416 | D:2      | Reached XP level 5. HP: 28/47 MP: 5/5
  1431 | D:2      | XOM: god gift: scythe {god gift}
  1564 | D:2      | Found a faded altar of an unknown god.
  1718 | D:2      | XOM: scenery: 1 doors close
  1750 | D:2      | Found a runed translucent door.
  1751 | D:2      | Noticed Crazy Yiuf
  1930 | D:2      | Mangled by Crazy Yiuf

Illustrated notes

Levels and vault maps discovered:
D:1:      psy_arrival_conway, layout_loops_ring, st_stairs_4,
          minmay_close_crescents
D:2:      layout_basic, basic_ecumenical_altar, guppyfry_early_orc_mine,
          uniq_crazy_yiuf_cottage

Skill      XL: |  1  2  3 |
---------------+----------+-----
Fighting       | 4 |  4.9
Long Blades    | 4 |  4.3
Stealth        | 1 |  1.2
Dodging        | |  2.5

Action                   |  1- 3 |  4- 6 || total
-------------------------+-------+-------++-------
Melee: Falchion          |   107 |    12 ||   119
       Tailslap          |    14 |     2 ||    16
 Stab: Sleeping          |     1 |       ||     1
       Paralysed         |     5 |       ||     5
Armor: Skin              |    35 |     1 ||    36
Dodge: Dodged            |    60 |     8 ||    68

Table legend: (Time is in decaauts)
 A = Elapsed time spent in this place.
 B = Non-inter-level travel time spent in this place.
 C = Inter-level travel time spent in this place.
 D = Time resting spent in this place.
 E = Time spent auto-exploring this place.
 F = Levels seen in this place.
 G = Mean time per level.
                   A        B        C        D        E       F      G
               +--------+--------+--------+--------+--------+-----+--------+
         Total |   1948 |   1943 |      5 |    263 |   1412 |   2 |  974.0 |
       Dungeon |   1948 |   1943 |      5 |    263 |   1412 |   2 |  974.0 |
               +--------+--------+--------+--------+--------+-----+--------+

Top non-repeatable levels by time:
     D:2: 1210 daAuts
     D:1: 738 daAuts
